 Dungeon Crawl Stone Soup version 0.29.1-2-gbd0b4ee654 (webtiles) character file.

Game seed: 13892936818919256447

143 styxcanada the Covert (level 5, -2/26 HPs)
             Began as a Spriggan Brigand on Oct 30, 2022.
             Splashed by a jelly's acid (5 damage)
             ... on level 3 of the Dungeon.
             The game lasted 00:07:58 (1635 turns).

styxcanada the Covert (Spriggan Brigand)            Turns: 1635, Time: 00:07:59

Health: -2/26      AC: -4    Str:  7    XL:     5   Next: 4%
Magic:  6/6        EV: 17    Int: 12    God:
Gold:   202        SH:  0    Dex: 19    Spells: 4/4 levels left

rFire   . . .      SeeInvis +   a - +2 dagger
rCold   . . .      Faith    .   (no shield)
rNeg    . . .      Spirit   .   b - +1 robe
rPois   .          Reflect  .   (helmet restricted)
rElec   .          Harm     .   c - +0 cloak
rCorr   .          Rampage  .   (gloves unavailable)
Will    .....                   (boots unavailable)
Stlth   ++++......              (no amulet)
HPRegen 0.08/turn               (no ring)
MPRegen 0.10/turn               (no ring)

@: corroded, very quick
A: very small, no large weapons, unfitting armour, see invisible, speed 3
a: no special abilities


You were on level 3 of the Dungeon.
You visited 1 branch of the dungeon, and saw 3 of its levels.

You collected 202 gold pieces.

Inventory:

Hand Weapons
 a - a +2 dagger (weapon)
Missiles
 o - 10 stones (quivered)
Armour
 b - a +1 robe (worn)
 c - a +0 cloak (worn)
Wands
 h - a wand of flame (12)
Scrolls
 k - 2 scrolls of teleportation {unknown}
 m - a scroll of acquirement {unknown}
 n - a scroll of amnesia {unknown}
 p - a scroll of magic mapping {unknown}
Potions
 f - a potion of might
 j - 2 potions of heal wounds
 l - 2 potions of curing {unknown}
 q - a potion of cancellation {unknown}


   Skills:
 * Level 2.1 Fighting
 + Level 2.7 Short Blades
 + Level 2.4 Throwing
 * Level 2.3 Dodging
 * Level 8.3 Stealth


You had 4 spell levels left.
You didn't know any spells.
Your spell library was empty.

Dungeon Overview and Level Annotations

Branches:
Dungeon (3/15)

Altars:
Nemelex Xobeh

Shops:
D:3 [


Innate Abilities, Weirdness & Mutations

You are very small and have problems with some larger weapons.
You are too small for most types of armour.
You have supernaturally acute eyesight. (SInv)
You cover ground extremely quickly. (Speed+++)


Message History

You kill the orc!
Throw: dart (poison)
Press: ? - help, Q - select action, (/) - cycle Shift-Dir - straight line, f - jelly
Aim: a jelly (90% to hit)
You throw a poisoned dart. The poisoned dart hits the jelly.
Throw: 2 darts (curare)
Press: ? - help, Q - select action, (/) - cycle Shift-Dir - straight line, f/p - jelly
Aim: a jelly (90% to hit)
You throw a curare-tipped dart. The curare-tipped dart hits the jelly.
Throw: dart (curare)
Press: ? - help, Q - select action, (/) - cycle Shift-Dir - straight line, f/p - jelly
Aim: a jelly (90% to hit)
You throw a curare-tipped dart. The curare-tipped dart hits the jelly.
Throw: 2 darts (atropa)
Press: ? - help, Q - select action, (/) - cycle Shift-Dir - straight line, f/p - jelly
Aim: a jelly (90% to hit, chance to blind on hit: 91%)
You throw an atropa-tipped dart. The atropa-tipped dart hits the jelly.
The jelly appears confused.
The jelly seems less confused.
Throw: dart (atropa)
Press: ? - help, Q - select action, (/) - cycle Shift-Dir - straight line, f/p - jelly
Aim: a jelly (90% to hit, chance to blind on hit: 90%)
You throw an atropa-tipped dart. The atropa-tipped dart hits the jelly.
The jelly appears confused.
The jelly seems less confused.
The jelly barely misses you.
You hit the jelly. The acid corrodes you!
Your hands burn!
The jelly is lightly wounded.
The jelly completely misses you. The ball python bites you.
The ball python barely misses you.
You hit the jelly but do no damage.
Your hands burn!
The jelly is lightly wounded.
The ball python misses you. The ball python closely misses you.
The jelly misses you.
You hit the jelly.
Your hands burn!
The jelly is moderately wounded.
The ball python barely misses you. The ball python closely misses you.
The jelly hits you.
You are splashed with acid!
* * * LOW HITPOINT WARNING * * *
You hit the jelly but do no damage. The acid corrodes you!
Your hands burn!
You die...

...............>.. ###.
#..#######............. ###...#
#.....##...<...........
##.....###..##.##.#.##+######'##
.............#.##.#.# #.......
.............#.# ... #.###...
###...........#.##.##
####....... .####.........#S...#
....####... (..####..((.(..J@.##
#....# #... (.(......########.##
#....# #... ##########
######..###....# #... ...#
................# #... ...#
................# #... ...#
................# #... ...#
................# #.## S..#
##................# #.# ..o#
..#.######.........# #.#


You could see a jelly and a ball python.

Vanquished Creatures
  A sky beast (D:3)
  2 adders (D:2)
  2 worms (D:2)
  2 orcs (D:3)
  2 ball pythons
  2 endoplasms (D:1)
  2 giant cockroaches (D:1)
  A goblin (D:1)
  3 hobgoblins
  2 kobolds
  3 bats
  3 frilled lizards
  2 rats
27 creatures vanquished.

Notes
Turn   | Place    | Note
-------+----------+-------------------------------------------
     0 | D:1      | styxcanada the Spriggan Brigand began the quest for the
                  | Orb.
     0 | D:1      | Reached XP level 1. HP: 10/10 MP: 2/2
   142 | D:1      | Reached skill level 6 in Stealth
   161 | D:1      | Found a faded altar of an unknown god.
   481 | D:1      | Reached XP level 2. HP: 14/14 MP: 3/3
   836 | D:2      | Reached skill level 7 in Stealth
   918 | D:2      | Found a sparkling altar of Nemelex Xobeh.
   977 | D:2      | Reached XP level 3. HP: 18/18 MP: 4/4
  1338 | D:3      | Found Rytux's Armour Boutique.
  1448 | D:3      | Noticed a sky beast
  1508 | D:3      | Killed a sky beast
  1509 | D:3      | Reached skill level 8 in Stealth
  1509 | D:3      | Reached XP level 4. HP: 12/23 MP: 5/5
  1509 | D:3      | Reached XP level 5. HP: 14/26 MP: 6/6
  1635 | D:3      | Splashed by a jelly's acid

Illustrated notes

Levels and vault maps discovered:
D:1:      elethiomel_arrival_maze, layout_loops_ring, basic_ecumenical_altar
D:2:      layout_rooms, basic_altar
D:3:      layout_basic, nicolae_overflow_hallway_of_the_gods, serial_shops,
          shop, minmay_misc_feat_x, minmay_misc_feat_square,
          minmay_increasing_density

Skill      XL: |  1  2  3 |
---------------+----------+-----
Stealth        | 6 7 8 |  8.3
Fighting       | 2 |  2.1
Dodging        | 2 |  2.3
Short Blades   | |  2.7
Throwing       | |  2.4

Action                   |  1- 3 |  4- 6 || total
-------------------------+-------+-------++-------
Melee: Dagger            |    54 |     6 ||    60
       Punch             |     1 |       ||     1
Throw: Dart              |    23 |    11 ||    34
       Stone             |     1 |     2 ||     3
  Use: Scroll            |     3 |     1 ||     4
 Stab: Sleeping          |    11 |     1 ||    12
Armor: Robe              |     9 |       ||     9
Dodge: Dodged            |    34 |     8 ||    42
